AoeStats
← Joaking

African Clearing

505573521Analyzed
4v4 RM · 23d ago on Sep 10, 2026· 43m 34s· 8 players
Game mode
Random Map
Map size
Large (8 player)
Population
200
Speed
Normal
Resources
Standard
Victory
Conquest
Starting age
Dark Age
Ending age
Imperial Age
RankedLock teamsTeams togetherTeam positionsShared explorationLock speedFull tech treeHidden civsTurbo modeCheats
Victory
Defeat
🇨🇦 Hindustanis · Canada
1042
+15
🇺🇾 Italians · Uruguay
988
+17
🇧🇷 Japanese · Brazil
970
+18
🇺🇸 Cumans · United States
900
+22
🇺🇸 Franks · United States
1032
-19
🇨🇱 Tatars · Chile
1023
-18
🇨🇴 Spanish · Colombia
1008
-18
🇨🇦 Wei · Canada
984
-17
aegilello
6:04 Loom
14:11 Feudal Age
19:03 Castle Age
19:27 Wheelbarrow
24:03 Double-Bit Axe
34:07 Imperial Age
32:20 Hand Cart
31:51 Town Watch
32:57 Scale Barding Armor
33:41 Forging
34:27 Gold Mining
34:29 Stone Mining
34:11 Cavalier
34:52 Husbandry
39:59 Iron Casting
39:50 Chain Barding Armor
40:33 Elite Throwing Axeman
41:35 #83
41:06 Paladin
42:54 Blast Furnace
41:55 Scale Mail Armor
42:31 Plate Barding Armor
41:21 Pikeman
42:01 Squires
41:47 Arson
Rage of Khorne
6:17 Loom
6:24 Loom
15:46 Feudal Age
17:06 Horse Collar
17:15 Double-Bit Axe
18:57 Wheelbarrow
18:23 Gold Mining
19:17 Stone Mining
27:57 Castle Age
Joaking
5:52 Loom
15:38 Feudal Age
17:14 Town Watch
19:27 Bloodlines
24:07 Castle Age
23:16 Scale Barding Armor
santiagomahecha192
9:11 Loom
16:04 Feudal Age
17:40 Wheelbarrow
16:54 Horse Collar
17:11 Town Watch
24:41 Castle Age
22:51 Scale Barding Armor
37:34 Bloodlines
37:25 Husbandry
[FCQC] Frankatroni
4:13 Loom
15:42 Feudal Age
17:11 Horse Collar
18:11 Town Watch
20:07 Double-Bit Axe
22:57 Castle Age
25:12 Wheelbarrow
24:38 Town Patrol
39:22 Hand Cart
Imported Heineken™ ★
9:30 Loom
15:05 Feudal Age
24:46 Wheelbarrow
32:33 Castle Age
30:20 Town Watch
34:26 Capped Ram
35:55 Double-Bit Axe
36:26 Hand Cart
36:11 Town Patrol
39:54 Pikeman
marcosprojj
4:40 Loom
15:29 Feudal Age
21:39 Castle Age
22:34 Horse Collar
33:13 Double-Bit Axe
37:12 Imperial Age
37:36 Guard Tower
39:35 Keep
38:46 Arrowslits
41:00 Chemistry
41:47 Scale Mail Armor
41:58 Forging
41:52 Squires
41:37 Arson
44:09 Chain Mail Armor
44:30 Iron Casting
arenca7
10:44 Loom
12:56 Feudal Age
14:10 Double-Bit Axe
16:45 Bloodlines
20:46 Castle Age
21:06 Fletching
27:38 Bodkin Arrow
28:08 Town Watch
31:15 Padded Archer Armor
32:53 Wheelbarrow
32:38 Bow Saw
33:56 Gold Mining
33:57 Stone Mining
35:43 Murder Holes
36:11 Ballistics
36:41 Stone Shaft Mining
37:12 Horse Collar
38:33 Treadmill Crane
39:48 Hand Cart
40:54 Husbandry
43:00 Leather Archer Armor
43:46 Forging
46:30 Imperial Age
44:28 Silk Road
Connection lost

Rejoining the realm…

Still unreachable

The connection could not be restored.

Session expired

The server has moved on; the page needs a fresh start.